 Dungeon Crawl Stone Soup version 0.31-a0-246-g8cbcc1cb85 (webtiles) character file.

Game seed: 8325537800234133116

88 Dittersdorf the Shield-Bearer (level 4, -6/29 HPs)
             Began as a Gargoyle Fighter on July 12, 2023.
             Mangled by a thrashing horror (11 damage)
             ... on level 1 of the Abyss.
             The game lasted 00:03:19 (1904 turns).

Dittersdorf the Shield-Bearer (Gargoyle Fighter)    Turns: 1904, Time: 00:03:20

Health: -6/29      AC: 13    Str: 22    XL:     4   Next: 53%
Magic:  4/4        EV:  8    Int:  8    God:
Gold:   227        SH:  4    Dex:  9    Spells: 3/3 levels left

rFire   + . .        q - +0 morningstar
rCold   . . .        c - +0 buckler
rNeg    + . .        i - +0 chain mail
rPois   ∞            (no helmet)
rElec   +            (no cloak)
rCorr   .            (no gloves)
SInv    .            (no boots)
Will    .....        (no amulet) Stlth
                     g - ring of protection from fire
HPRegen 0.24/turn    (no ring)
MPRegen 0.09/turn

%: no passive effects
@: very slow
A: sickness immunity, AC +3, negative energy resistance 1, electricity
resistance, torment resistance 1, petrification resistance
a: no special abilities


You were on level 1 of the Abyss.
You visited 1 branch of the dungeon, and saw 3 of its levels.
You visited the Abyss 1 time.

You collected 227 gold pieces.

Inventory:

Hand Weapons
 q - a +0 morningstar (weapon)
Missiles
 k - 4 poisoned darts
Armour
 c - a +0 buckler (worn)
 i - a +0 chain mail (worn)
Jewellery
 g - a ring of protection from fire (left hand)
Scrolls
 b - 5 scrolls of identify {unknown}
 f - a scroll of silence {unknown}
 l - a scroll of amnesia {unknown}
 m - 2 scrolls of teleportation {unknown}
Potions
 d - a potion of might
 e - a potion of ambrosia {unknown}
 h - a potion of attraction {unknown}
 j - a potion of lignification {unknown}
 n - a potion of brilliance {unknown}
 o - a potion of curing {unknown}
 p - a potion of mutation {unknown}


   Skills:
 + Level 4.0 Fighting
 + Level 2.8 Maces & Flails
 + Level 4.0 Armour
 + Level 4.0 Shields


You had 3 spell levels left.
You didn't know any spells.
Your spell library contained the following spells:

 Spells                   Type           Power      Damage    Failure   Level
 Gell's Gravitas          Tloc           0%         N/A       100%        3
 Teleport Other           Tloc           0%         N/A       100%        3
 Alistair's Intoxication  Tmut/Pois      0%         N/A       100%        5
 Borgnjor's Vile Clutch   Necr/Erth      0%         N/A       100%        5
 Dispersal                Tloc           0%         N/A       100%        6
 Eringya's Noxious Bog    Tmut/Pois      0%         4d6       100%        6


Dungeon Overview and Level Annotations

Branches:
Dungeon (3/15)

Altars:
Cheibriados

Shops:
D:2 (


Innate Abilities, Weirdness & Mutations

You are immune to sickness and miasma.
Your stone body is resilient. (AC +3)
You are immune to poison.
You resist negative energy. (rN+)
You are resistant to electric shocks. (rElec)
You are resistant to unholy torment.
You are immune to petrification.


Message History

A thrashing horror comes into view.
The thrashing horror roars!
You block the thrashing horror's attack.
The thrashing horror barely misses you.
You block the thrashing horror's attack.
The thrashing horror barely misses you.
The thrashing horror barely misses you. x2
The thrashing horror tramples you!
You hold your ground!
You block the thrashing horror's attack.
The thrashing horror attacks as you move away!
The thrashing horror tramples you.
The thrashing horror completely misses you.
The thrashing horror tramples you.
You hold your ground!
The thrashing horror barely misses you.
The thrashing horror closely misses you.
The thrashing horror tramples you but does no damage.
The thrashing horror attacks as you move away!
The thrashing horror tramples you.
You block the thrashing horror's attack.
The thrashing horror attacks as you move away!
The thrashing horror barely misses you.
The thrashing horror tramples you but does no damage.
The thrashing horror tramples you.
You hold your ground!
The thrashing horror barely misses you.
Found a corrupted altar of Lugonu.
The thrashing horror attacks as you move away!
The thrashing horror barely misses you. The thrashing horror tramples you.
* * * LOW HITPOINT WARNING * * *
The thrashing horror barely misses you. The thrashing horror tramples you.
* * * LOW HITPOINT WARNING * * *
You hold your ground!
The thrashing horror tramples you but does no damage.
The thrashing horror tramples you.
* * * LOW HITPOINT WARNING * * *
You stumble backwards!
A large abomination comes into view.
You enter the shallow water.
Moving in this stuff is going to be slow.
The thrashing horror tramples you!
You die...

. #.#...#...~~.. #
####.#...#~≈~##...
#.#...#~_≈~#..# .
##.#....≈~~~...
#..#.#....#~~~~~##
#.......#~♣~≈~~#
~...##.....#~~~~~≈#
.#~~.....##X≈~~~≈~♣
~....X#..#.#@~~~≈~♣
≈~.##.###.#.#~~~~~~~~
~~. #. ..##.≈~~~~≈≈~
## ##.##~~~~~≈≈≈ .
#≈♣~~~≈~~ . .♣♣~♣~~~~
# ~~~~≈~ ~≈~~~~


You could see a thrashing horror.

Vanquished Creatures
  An adder (D:2)
  An ufetubus (Abyss:1)
  A worm (D:2)
  2 orcs (D:3)
  4 endoplasms
  3 giant cockroaches
  5 goblins
  6 hobgoblins
  7 jackals (D:1)
  3 kobolds
  3 quokkas
  5 ball pythons
  9 bats
  3 frilled lizards (D:2)
  10 rats
63 creatures vanquished.

Vanquished Creatures (others)
  2 starspawn tentacles (Abyss:1)
2 creatures vanquished.

Grand Total: 65 creatures vanquished

Notes
Turn   | Place    | Note
-------+----------+-------------------------------------------
     0 | D:1      | Dittersdorf the Gargoyle Fighter began the quest for the
                  | Orb.
     0 | D:1      | Reached XP level 1. HP: 14/14 MP: 1/1
    96 | D:1      | Reached XP level 2. HP: 19/19 MP: 2/2
   426 | D:1      | Reached XP level 3. HP: 23/23 MP: 3/3
   780 | D:2      | Found Guecax's Weapon Shop.
   893 | D:2      | Found a snail-covered altar of Cheibriados.
   953 | D:2      | Found a faded altar of an unknown god.
  1184 | D:2      | Reached XP level 4. HP: 29/29 MP: 4/4
  1766 | Abyss:1  | Cast into level 1 of the Abyss (goblin)
  1774 | Abyss:1  | Found a corrupted altar of Lugonu.
  1807 | Abyss:1  | Noticed a large abomination
  1810 | Abyss:1  | Noticed a tentacled starspawn
  1816 | Abyss:1  | Noticed a large abomination
  1816 | Abyss:1  | Noticed a titan zombie
  1866 | Abyss:1  | Found a corrupted altar of Lugonu.
  1866 | Abyss:1  | Found a corrupted altar of Lugonu.
  1872 | Abyss:1  | Noticed a large abomination
  1886 | Abyss:1  | Noticed a thrashing horror
  1899 | Abyss:1  | Found a corrupted altar of Lugonu.
  1901 | Abyss:1  | Noticed a large abomination
  1904 | Abyss:1  | Mangled by a thrashing horror

Illustrated notes

Levels and vault maps discovered:
D:1:      shiori_arrival_whats_in_store_for_you, layout_basic,
          minmay_misc_feat_more_columns, nicolae_figureground_pulse
D:2:      layout_loops_cross, serial_shops, nicolae_shop_scrapyard, basic_altar,
          ebering_ecumenical_altar_webs, minmay_rat_gold_closets
D:3:      minmay_chambers_of_threes, layout_basic, grunt_gozag_breadcrumbs
Abyss:1:  base:
D:2

Skill      XL: |  1  2  3  4 |
---------------+-------------+-----
Shields        | 4 |  4.0
Fighting       | 4 |  4.0
Armour         | 4 |  4.0
Maces & Flails | |  2.8

Action                     |  1- 3 |  4- 6 || total
---------------------------+-------+-------++-------
  Melee: Flail             |   171 |    53 ||   224
         Morningstar       |       |    14 ||    14
 Armour: Scale mail        |    22 |       ||    22
         Chain mail        |   123 |    61 ||   184
  Dodge: Dodged            |    70 |    60 ||   130
  Block: Buckler           |    43 |    28 ||    71

Table legend: (Time is in decaauts)
 A = Elapsed time spent in this place.
 B = Non-inter-level travel time spent in this place.
 C = Inter-level travel time spent in this place.
 D = Time resting spent in this place.
 E = Time spent auto-exploring this place.
 F = Levels seen in this place.
 G = Mean time per level.
                   A        B        C        D        E       F      G
               +--------+--------+--------+--------+--------+-----+--------+
         Total |   1978 |   1927 |     51 |     17 |   1331 |   4 |  494.5 |
       Dungeon |   1837 |   1786 |     51 |      0 |   1292 |   3 |  612.3 |
         Abyss |    140 |    140 |      0 |     17 |     39 |   1 |  140.0 |
               +--------+--------+--------+--------+--------+-----+--------+

Top non-repeatable levels by time:
     D:2: 783 daAuts
     D:1: 736 daAuts
     D:3: 317 daAuts
 Abyss:1: 140 daAuts
